 Dungeon Crawl Stone Soup version 0.31.0-11-ge490571c62 (webtiles) character file.

Game seed: 12220554701076442581

43855 hawla the Ripper (level 13, -1/112 HPs)
             Began as a Felid Berserker on Jan 30, 2024.
             Was the Champion of Trog.
             Slain by a komodo dragon (19 damage)
             ... on level 3 of the Lair of Beasts on Jan 31, 2024.
             The game lasted 00:34:09 (17992 turns).

hawla the Ripper (Felid Berserker)                 Turns: 17992, Time: 00:34:10

Health: -1/112     AC: 30    Str: 17    XL:     13   Next: 93%
Magic:  15/15      EV:  4    Int: 12    God:    Trog [******]
Gold:   889        SH:  0    Dex: 22    Spells: 12/12 levels left
                                        Lives:  0   Deaths: 5

rFire   . .          .
                       - Unarmed
rCold   . . .        (shield unavailable)
rNeg    . . .        (body armour unavailable)
rPois   +            (helmet unavailable)
rElec   .            (cloak unavailable)
rCorr   .            (gloves unavailable)
SInv    +            (boots unavailable)
Will    ++...        (no amulet)
Stlth   +++          i - ring of Jelipp {Will+ Dex+6}
HPRegen 0.38/turn    j - +4 ring of protection
MPRegen 0.14/turn

%: no passive effects
@: tree-form
A: stationary, stasis, torment immunity, boosted hp, very small, (claws 1),
(fangs 3), see invisible, (shaggy fur 3), (stealthy paws), no weapons or thrown
items, no armour, multi-lived, (horns 1), (iridescent scales 2), high MP 1
a: Renounce Religion, Berserk, Trog's Hand, Brothers in Arms


You were on level 3 of the Lair of Beasts.
You worshipped Trog.
Trog was exalted by your worship.
You were a tree.
You visited 4 branches of the dungeon, and saw 20 of its levels.

You collected 1215 gold pieces.
You spent 326 gold pieces at shops.

Inventory:

Jewellery
 i - the ring of Jelipp (left branch) {Will+ Dex+6}
   (You found it on level 3 of the Dungeon)

   [ring of dexterity]

   Dex+6:     It affects your dexterity (+6).
   Will+:     It increases your willpower.
 j - a +4 ring of protection (right branch)
 v - a ring of magical power
 F - a ring of ice
 G - a ring of resist corrosion
Talismans
 A - a maw talisman (active)
Wands
 a - a wand of mindburst (4)
 d - a wand of polymorph (15)
 r - a wand of iceblast (12)
 z - a wand of flame (16)
Scrolls
 c - 2 scrolls of fear
 f - 2 scrolls of identify
 g - a scroll of vulnerability {unknown}
 l - a scroll of revelation
 n - a scroll of torment {unknown}
 p - a scroll of fog {unknown}
 q - 2 scrolls of poison
 u - 2 scrolls of blinking {unknown}
 y - a scroll of brand weapon {unknown}
Potions
 b - 2 potions of cancellation
 e - a potion of might
 h - a potion of lignification
 k - 3 potions of ambrosia {unknown}
 m - 2 potions of enlightenment
 o - 6 potions of haste
 t - 2 potions of mutation
 C - 3 potions of magic {unknown}
 D - 2 potions of berserk rage
Miscellaneous
 x - a phantom mirror


   Skills:
 - Level 12.0 Fighting
 - Level 12.0 Dodging
 - Level 4.0 Stealth
 - Level 16.0 Unarmed Combat
 - Level 3.0 Evocations
 + Level 9.7 Shapeshifting


You had 12 spell levels left.
You didn't know any spells.
Your spell library contained the following spells:

 Spells                   Type           Power      Damage    Failure   Level
 Slow                     Hex            0%         N/A       32%         1
 Ensorcelled Hibernation  Hex/Ice        0%         N/A       45%         2
 Scorch                   Fire           0%         2d5       45%         2
 Sublimation of Blood     Necr           0%         N/A       45%         2
 Confusing Touch          Hex            0%         N/A       69%         3
 Fugue of the Fallen      Necr           0%         N/A       69%         3
 Ozocubu's Armour         Ice            0%         N/A       69%         3
 Passwall                 Erth           0%         N/A       69%         3
 Sigil of Binding         Hex            0%         N/A       69%         3
 Stone Arrow              Conj/Erth      0%         3d7       69%         3
 Swiftness                Air            0%         N/A       69%         3
 Tukima's Dance           Hex            0%         N/A       69%         3
 Vampiric Draining        Necr           0%         2d6       69%         3
 Flame Wave               Conj/Fire      0%         2d4       97%         4
 Manifold Assault         Tloc           0%         N/A       97%         4
 Passage of Golubria      Tloc           0%         N/A       97%         4
 Petrify                  Alch/Erth      0%         N/A       97%         4
 Irradiate                Conj/Alch      0%         3d11      100%        5
 Metabolic Englaciation   Hex/Ice        0%         N/A       100%        5
 Yara's Violent Unravell  Hex/Alch       0%         3d3       100%        5
 Sculpt Simulacrum        Ice/Alch       0%         N/A       100%        6
 Summon Cactus Giant      Summ           0%         N/A       100%        6
 Lehudib's Crystal Spear  Conj/Erth      0%         10d2      100%        8
 Animate Armour           Summ/Erth      Unusable   N/A       N/A         4

Dungeon Overview and Level Annotations

Branches:
Dungeon (13/15)            Temple (1/1) D:6            Lair (4/5) D:8
    Orc (2/2) D:12            Elf (0/3) Orc:2
  Swamp: Lair:2-3    Shoals: Lair:2-3     Snake: Lair:2-3    Spider: Lair:2-3
  Slime: Lair:4-5    Vaults: D:13-14

Altars:
Ashenzari
Cheibriados
Dithmenos
Elyvilon
Fedhas
Gozag
Hepliaklqana
Kikubaaqudgha
Makhleb
Nemelex Xobeh
Okawaru
Qazlal
Ru
Sif Muna
Trog
Uskayaw
Vehumet
Wu Jian
Xom
Yredelemnul
Zin
The Shining One

Shops:
D:6 *   D:11 [

Annotations:
D:5 1 transporter
Lair:4 Kirke
Orc:2 2 transporters, thirtiethelement's ghost, journeyman DsHu


Innate Abilities, Weirdness & Mutations

You are a tree.
Your roots penetrate the ground, keeping you stationary.
You cannot be teleported.
You are immune to unholy pain and torment.
Your maximum health is greatly increased.
((You have sharp claws.))
((You have razor-sharp teeth.))
You have supernaturally acute eyesight. (SInv)
((Your thick and shaggy fur keeps you warm. (AC +3, rC+)))
((Your paws help you pounce on unaware monsters.))
You are incapable of wielding weapons or throwing items.
You cannot wear armour.
You gain extra lives every three experience levels.
((You have a pair of small horns on your head.))
((You are mostly covered in iridescent scales. (AC +4)))
You have an increased reservoir of magic. (+10% MP)


Message History

The komodo dragon is almost dead.
The swamp worm bites you! The komodo dragon bites you!!
* * * LOW HITPOINT WARNING * * *
You are too injured to fight recklessly!
You scratch the komodo dragon. Your headbutt misses the komodo dragon.
You bite the komodo dragon.
You kill the komodo dragon!
Trog accepts your kill. The swamp worm bites you!
* * * LOW HITPOINT WARNING * * *
Unknown command.
Your transformation has ended.
You turn into a tree.
Your roots penetrate the ground.
The swamp worm bites you but does no damage.
You feel better.
The swamp worm bites you but does no damage.
You barely miss the swamp worm.
The swamp worm bites you but does no damage.
You closely miss the swamp worm.
The swamp worm bites you but does no damage.
You pummel the swamp worm!!
You kill the swamp worm!
Trog accepts your kill. What are your orders? t - Creak!
Orders for allies: a - Attack new target. r - Retreat! s - Stop attacking. g - Guard the area. f - Follow me.
Anything else - Cancel.
You creak for attention!
You hear an angry hiss.
A komodo dragon comes into view.
You pummel the komodo dragon!!
The komodo dragon is heavily wounded.
The komodo dragon bites you but does no damage.
You closely miss the komodo dragon.
The komodo dragon is heavily wounded.
You smack the komodo dragon!
The komodo dragon is almost dead.
The komodo dragon bites you!!
You die...

.## ####.....## ##...
†######.P#......# ##..#
.P.##.#........###
####....
..P#.....#.##....#
##.......
..†..#..#####...##
##.....#.. ...######
##...## ##......... ..##
#♣...♣ #.......... .##
♣♣♣♣♣♣♣..♣♣###......⌠...
##
♣≈≈~~~†♣..♣♣.'.......÷<.
#
♣≈≈..~.l≈♣♣#.#......⌠.÷.
#
♣≈~..~.~♣♣...#...#......
#
♣♣≈.~....♣♣.P##..#.#....
# ♣♣♣♣§..♣
♣P.###....#... ### §..♣♣
♣♣..##.#...... ..# §♣♣♣
♣..###.##.... ..# §§
♣♣..P######+# .##
##..#####..#


You could see a komodo dragon.

Vanquished Creatures
  Azrael (D:13)
  Snorg (Lair:3)
  Harold (Orc:1)
  Fannar (D:10)
  Erica (D:8)
  2 centaur warriors
  A boulder beetle (Lair:2)
  8 two-headed ogres
  Urug (D:11)
  Pikel (D:8)
  A deep elf pyromancer (D:12)
  A manticore (D:12)
  3 elephants (Lair:3)
  6 centaur zombies (D:10)
  Joseph (D:8)
  A meliai (shapeshifter) (D:13)
  3 black mambas
  2 kobold blastminers (Orc:2)
  An unseen horror (D:11)
  Maggie (D:8)
  7 cane toads
  2 rime drakes (Lair:3)
  8 komodo dragons
  2 unseen horror zombies (D:10)
  A polar bear (Lair:1)
  4 trolls
  A hornet (D:10)
  16 blink frogs (Lair:2)
  4 dream sheep (Lair:1)
  A shadow (D:11)
  A wraith (D:11)
  3 hogs
  A vampire (D:10)
  2 wyverns
  A fire elemental (D:13)
  A warg (Orc:2)
  6 vampire mosquitoes
  6 basilisks
  50 yaks
  A swamp worm (Lair:3)
  7 water moccasins
  4 acid dragons
  A hell hound (D:13)
  7 orc warriors
  5 ice beasts
  A sky beast (D:8)
  2 black bears
  6 centaurs
  10 wolves (Lair:2)
  5 ogres
  The ghost of SnakkuSnakku7 the Ducker, an amateur MfAE (D:3)
  A phantom (D:7)
  A lemure (D:8)
  10 bullfrogs
  3 kobold brigands
  2 scorpions
  A wyvern zombie (D:3)
  A water moccasin zombie (D:3)
  4 wights
  7 killer bees
  3 howler monkeys
  3 hounds
  A bombardier beetle (D:4)
  2 gnoll boudas
  5 orc priests
  4 iguanas
  2 sleepcaps
  13 orc wizards
  Terence (D:2)
  3 howler monkey zombies (D:10)
  12 gnolls
  A howler monkey skeleton (D:3)
  An adder (D:3)
  A white imp (D:6)
  A dart slug (D:3)
  4 ribbon worms
  52 orcs
  4 endoplasms
  2 giant cockroaches (D:2)
  6 goblins
  5 hobgoblins
  2 jackals (D:2)
  3 quokkas
  4 ball pythons
  8 bats
  4 frilled lizards
  12 kobolds
  3 rats
397 creatures vanquished.

Vanquished Creatures (others)
  3 yaks (D:10)
3 creatures vanquished.

Grand Total: 400 creatures vanquished

Notes
Turn   | Place    | Note
-------+----------+-------------------------------------------
     0 | D:1      | hawla the Felid Berserker began the quest for the Orb.
     0 | D:1      | Reached XP level 1. HP: 12/12 MP: 2/2
   653 | D:1      | Reached XP level 2. HP: 16/16 MP: 3/3
  1241 | D:2      | Noticed Terence
  1247 | D:2      | Slain by Terence
  1247 | D:2      | Lost a life (0 lives remaining)
  1371 | D:3      | Found a runed translucent gate.
  1371 | D:3      | Found a runed translucent gate.
  1385 | D:3      | Reached XP level 3. HP: 12/20 MP: 4/4
  1454 | D:3      | Found a runed translucent gate.
  1456 | D:3      | Noticed SnakkuSnakku7's ghost (amateur MfAE)
  1706 | D:3      | Found a white marble altar of Elyvilon.
  1969 | D:3      | Identified the ring of Jelipp {Will+ Dex+6}
  2283 | D:4      | Found a blossoming altar of Fedhas.
  2308 | D:4      | Reached ** piety under Trog
  2309 | D:4      | Reached skill level 5 in Dodging
  2309 | D:4      | Reached XP level 4. HP: 23/25 MP: 5/5
  2309 | D:4      | Gained a life (1 life remaining)
  2451 | D:4      | Noticed a scorpion
  2463 | D:4      | Killed a scorpion
  2464 | D:4      | Reached skill level 4 in Unarmed Combat
  2464 | D:4      | Reached XP level 5. HP: 20/29 MP: 6/6
  2774 | D:2      | Killed Terence
  3168 | D:4      | Reached skill level 5 in Unarmed Combat
  3297 | D:5      | Entered Level 5 of the Dungeon
  3445 | D:5      | Gained mutation: You are covered in thick fur. (AC +2)
                  | [Felid growth]
  3445 | D:5      | Reached XP level 6. HP: 30/33 MP: 7/7
  3450 | D:5      | Noticed an ice beast
  3468 | D:5      | Killed an ice beast
  3729 | D:5      | Reached skill level 6 in Unarmed Combat
  3992 | D:5      | Gained mutation: You have an increased reservoir of magic.
                  | (+10% MP) [potion of mutation]
  3992 | D:5      | Gained mutation: You have a pair of small horns on your
                  | head. [potion of mutation]
  3992 | D:5      | Gained mutation: You are partially covered in iridescent
                  | scales. (AC +2) [potion of mutation]
  3992 | D:5      | Gained mutation: You are mostly covered in iridescent
                  | scales. (AC +4) [potion of mutation]
  4043 | D:5      | Reached XP level 7. HP: 37/37 MP: 8/8
  4043 | D:5      | Gained a life (2 lives remaining)
  4050 | D:5      | Reached skill level 7 in Unarmed Combat
  4070 | D:5      | Reached *** piety under Trog
  4393 | D:5      | Found a sparkling altar of Nemelex Xobeh.
  4393 | D:5      | Found a transporter.
  4393 | D:5      | Noticed a yak
  4394 | D:5      | Noticed a vampire
  4530 | D:5      | Reached skill level 8 in Unarmed Combat
  4530 | D:5      | Reached skill level 1 in Evocations
  4631 | D:6      | Found Peul's Assorted Antiques.
  4637 | D:6      | Bought a fuming red potion for 29 gold pieces
  4637 | D:6      | Bought a scroll labelled WOAGEIKHLAM for 33 gold pieces
  4637 | D:6      | Bought a scroll of teleportation for 99 gold pieces
  4637 | D:6      | Bought a curved glass wand for 132 gold pieces
  4637 | D:6      | Bought a scroll labelled TUETUL WEJUKKU for 33 gold pieces
  4700 | D:6      | Reached XP level 8. HP: 20/42 MP: 9/9
  5014 | D:6      | Reached skill level 1 in Stealth
  5297 | D:6      | Reached skill level 5 in Fighting
  5498 | D:6      | Found a staircase to the Ecumenical Temple.
  5522 | Temple   | Entered the Ecumenical Temple
  5738 | D:6      | Found a glowing golden altar of the Shining One.
  5901 | D:7      | Reached XP level 9. HP: 49/49 MP: 10/10
  6416 | D:7      | Found a hazy altar of Hepliaklqana.
  6587 | D:8      | Noticed Joseph
  6603 | D:8      | Noticed Pikel
  6606 | D:8      | Reached **** piety under Trog
  6624 | D:8      | Killed Joseph
  6642 | D:8      | Killed Pikel
  6644 | D:8      | Found an iron altar of Okawaru.
  6846 | D:8      | Noticed Maggie
  6860 | D:8      | Killed Maggie
  6914 | D:8      | Found a staircase to the Lair.
  7016 | D:8      | Found a runed translucent door.
  7034 | D:8      | Found the +0 toga "Victory" {*Victory Clar}
  7036 | D:8      | Noticed a troll
  7092 | D:8      | Noticed Erica
  7100 | D:8      | Killed Erica
  7101 | D:8      | Reached skill level 9 in Unarmed Combat
  7101 | D:8      | Reached XP level 10. HP: 39/58 MP: 12/12
  7359 | D:8      | Reached skill level 10 in Dodging
  7500 | D:9      | Noticed a two-headed ogre
  7502 | D:9      | Noticed a two-headed ogre
  7508 | D:9      | Killed a two-headed ogre
  7511 | D:9      | HP: 1/58 [two-headed ogre/+0 giant club (11)]
  7514 | D:9      | Killed a two-headed ogre
  7755 | D:9      | Reached skill level 10 in Fighting
  7762 | D:9      | Reached skill level 10 in Unarmed Combat
  7967 | D:9      | Noticed a two-headed ogre
  7977 | D:9      | Killed a two-headed ogre
  8422 | D:10     | Entered Level 10 of the Dungeon
  8457 | D:10     | Found a radiant altar of Vehumet.
  8471 | D:10     | Reached XP level 11. HP: 64/64 MP: 13/13
  8729 | D:10     | Noticed Fannar
  8738 | D:10     | HP: 1/64 [Fannar/bolt of cold (37)]
  8743 | D:10     | HP: 1/96 [ice beast[Fannar] (7)]
  8745 | D:10     | Slain by Fannar
  8745 | D:10     | Lost a life (1 life remaining)
  8793 | D:10     | Found a basalt altar of Yredelemnul.
  8817 | D:10     | Reached skill level 11 in Unarmed Combat
  9442 | D:11     | Noticed a centaur warrior
  9463 | D:11     | Killed a centaur warrior
  9684 | D:11     | Noticed Urug
  9700 | D:11     | Killed Urug
  9840 | D:11     | Found Kesed's Armour Boutique.
  9840 | D:11     | Noticed an animated plate armour
  9840 | D:11     | Noticed an animated crystal plate armour
  9840 | D:11     | Noticed a two-headed ogre
  9854 | D:11     | Reached skill level 12 in Unarmed Combat
  9872 | D:11     | Killed a two-headed ogre
 10610 | D:12     | Found a staircase to the Orcish Mines.
 10612 | D:12     | Noticed a deep elf pyromancer
 10618 | D:12     | Killed a deep elf pyromancer
 10619 | D:12     | Reached skill level 13 in Unarmed Combat
 10800 | D:12     | Reached ***** piety under Trog
 10801 | D:12     | Gained mutation: Your thick and shaggy fur keeps you warm.
                  | (AC +3, rC+) [Felid growth]
 10801 | D:12     | Reached XP level 12. HP: 50/71 MP: 14/14
 10801 | D:12     | Gained a life (2 lives remaining)
 10989 | D:12     | Noticed a two-headed ogre
 10999 | D:12     | Killed a two-headed ogre
 11182 | D:12     | Noticed a two-headed ogre
 11223 | D:12     | Killed a two-headed ogre
 11224 | D:12     | Reached skill level 14 in Unarmed Combat
 11522 | D:13     | Noticed a rakshasa
 11522 | D:13     | Noticed a rakshasa
 11535 | D:13     | Collided with a rock wall
 11535 | D:13     | Lost a life (1 life remaining)
 11538 | D:13     | Noticed Azrael
 11784 | D:3      | Killed SnakkuSnakku7's ghost
 12569 | D:10     | Killed Fannar
 12884 | D:13     | Reached skill level 15 in Unarmed Combat
 12894 | D:13     | Noticed a centaur warrior
 12923 | D:13     | Killed a centaur warrior
 13110 | D:13     | Killed Azrael
 13116 | D:13     | Killed from afar by a hell hound
 13116 | D:13     | Lost a life (0 lives remaining)
 13308 | Lair:1   | Entered Level 1 of the Lair of Beasts
 13545 | Lair:1   | Reached skill level 16 in Unarmed Combat
 13584 | Lair:1   | Reached skill level 1 in Shapeshifting
 13943 | Lair:1   | Reached XP level 13. HP: 27/75 MP: 15/15
 13943 | Lair:1   | Gained a life (1 life remaining)
 14447 | Lair:2   | You fall into a shaft and drop 2 floors!
 14453 | Lair:4   | Noticed Snorg
 14455 | Lair:4   | Noticed Kirke
 14469 | Lair:3   | Killed Snorg
 14838 | Lair:3   | Reached skill level 5 in Shapeshifting
 15118 | Lair:2   | Slain by a komodo dragon
 15118 | Lair:2   | Lost a life (0 lives remaining)
 15339 | Orc:1    | Entered Level 1 of the Orcish Mines
 15354 | Orc:1    | Reached ****** piety under Trog
 15355 | Orc:1    | Noticed Harold
 15372 | Orc:1    | Killed Harold
 15625 | Orc:2    | Entered Level 2 of the Orcish Mines
 15625 | Orc:2    | Found a staircase to the Elven Halls.
 15709 | Orc:2    | Found a transporter.
 15711 | Orc:2    | Found a transporter.
 15712 | Orc:2    | Noticed thirtiethelement's ghost (journeyman DsHu)
 15720 | Orc:2    | Identified the +2 great mace of the Pillar {heavy, rElec
                  | rN+}
 15720 | Orc:2    | Noticed an ettin
 17977 | Lair:3   | HP: 1/72 [swamp worm (15)]
 17992 | Lair:3   | Slain by a komodo dragon

Illustrated notes

Levels and vault maps discovered:
D:1:      dpeg_arrival_erosion, layout_basic, serial_rivers,
          chequers_serial_rivers_micro_b, chequers_serial_rivers_micro_c,
          chequers_serial_rivers_micro_b, chequers_serial_rivers_room_a,
          chequers_serial_rivers_micro_a, chequers_serial_rivers_micro_e,
          nicolae_wormholes
D:2:      layout_loops_ring, uniq_terence
D:3:      layout_loops_ring, elyvilon_altar_1, gammafunk_ghost_necromancy,
          nicolae_elevator_lobby_plus
D:4:      layout_rooms, fedhas_altar_1
D:5:      layout_basic, grunt_nemelex_the_gamble
D:6:      layout_basic, lemuel_tele_altar, minmay_temple_entry_trees,
          serial_shops, shop
D:7:      layout_loops_cross, nzn_hepliaklqana_mist_gate
D:8:      layout_rooms, nicolae_overflow_guarded_unrand_okawaru_victory,
          dpeg_oklobed_lair, uniq_pikel, uniq_erica, uniq_maggie, uniq_joseph
D:9:      layout_irregular_city, grunt_ministairs_9
D:10:     lemuel_flame_loot_2, layout_basic, mainiacjoe_overflow_catwalk,
          nicolae_yredelemnul_corpse_copse, uniq_fannar
D:11:     layout_basic, serial_shops, nicolae_shop_mannequins, uniq_urug
D:12:     layout_rooms, minmay_orc_entry_temple_small, hangedman_glass_teeth,
          minivault_25_ag
D:13:     layout_rooms, columned_hall_lemuel, nicolae_burly_brawl, uniq_azrael
Temple:   eino_narrow_crystal_temple
Lair:1:   layout_roguey
Lair:2:   layout_gridlike
Lair:3:   layout_cave_pods, palyth_hydra_swamp_entry,
          hellmonk_spider_entry_not_the_bees, grunt_megastairs_2
Lair:4:   layout_regular_city, uniq_snorg, uniq_kirke
Orc:1:    layout_diamond_mine, elf_legates, uniq_harold, uniq_nergalle
Orc:2:    st_orc_rangers, layout_caves, gammafunk_ghost_smash,
          nicolae_orc_damp_corner

Skill      XL: |  1  2  3  4  5  6  7  8  9 10 11 12 13 |
---------------+----------------------------------------+-----
Dodging        | 5 6 8 9 11 12 | 12.0
Fighting       | 4 6 9 10 12 | 12.0
Unarmed Combat | 4 5 6 8 9 10 13 16 | 16.0
Evocations     | 3 |  3.0
Stealth        | 4 |  4.0
Shapeshifting  | 3 9 |  9.7

Action                     |  1- 3 |  4- 6 |  7- 9 | 10-12 | 13-15 || total
---------------------------+-------+-------+-------+-------+-------++-------
  Melee: Unarmed           |   101 |   142 |   216 |   575 |   341 ||  1375
         Bite              |     9 |    13 |    32 |    80 |    46 ||   180
         Punch             |     2 |     9 |    11 |    51 |    33 ||   106
         Headbutt          |       |       |    55 |   166 |    93 ||   314
         Maw               |       |       |       |       |    47 ||    47
  Evoke: Wand              |       |       |     2 |    25 |     1 ||    28
    Use: Scroll            |     2 |     5 |     4 |     4 |     9 ||    24
         Potion            |     2 |     3 |       |     6 |     5 ||    16
   Stab: Sleeping          |     4 |     1 |    10 |    15 |     3 ||    33
         Distracted        |       |     1 |       |       |     1 ||     2
 Armour: Skin              |    30 |    46 |    53 |   229 |   116 ||   474
  Dodge: Dodged            |    89 |   123 |   161 |   673 |   460 ||  1506
   Form: Maw               |       |       |       |       |     1 ||     1
